[Event "Live Chess"]
[Site "Chess.com"]
[Date "2024.06.01"]
[Round "-"]
[White "NottheBishopSacrifice"]
[Black "RamsayFlayer"]
[Result "1-0"]
[WhiteElo "2138"]
[BlackElo "1962"]
[TimeControl "300"]
[EndTime "9:37:43 PDT"]
[Termination "NottheBishopSacrifice won by resignation"]

1. Nf3 d5 2. e3 c5 3. Be2 Nc6 4. O-O e5 5. b3 Nf6 6. d3 Bd6 7. c4 e4 8. dxe4 dxe4 9. Ng5 h6 10. Nh3 Bxh3 11. gxh3 Qc7 12. Nc3 Bxh2+ 13. Kh1 Rd8 14. Qc2 Qe5 15. Bb2 O-O 16. Nd5 Qd6 17. Nxf6+ gxf6 18. Qxe4 Be5 19. Bxe5 Qxe5 20. Rg1+ Kh8 21. Qh4 Kh7 22.
Bf3 Ne7 23. Qe4+ Qxe4 24. Bxe4+ f5 25. Bxb7 Rd2 26. Rg2 Rfd8 27. Rag1 Ng6 28. Bd5 Rd7 29. h4 h5 30. Rg5 Rxf2 31. Rxh5+ Kg7 32. Rhg5 Rxa2 33.
h5 Rd8 34. R1g2 Ra3 35. hxg6 Rh8+ 36. Kg1 fxg6 37. Rxg6+ Kf8 38. Rg8+ Rxg8 39. Rxg8+ Ke7 40. Rg7+ Kf6 41. Rf7+ Ke5 42. Re7+ Kf6 43. Re6+ Kg5 44. Kf2 Rxb3 45. Ra6 Rb2+ 46. Kf3 Rb3 47. Ke2 f4 48.
exf4+ Kxf4 49. Rxa7 Ke5 50. Re7+ Kd4 51. Re4+ Kc3 52.
Re3+ Kb4 53. Rxb3+ Kxb3 54. Ke3 Kb4 55. Ke4 Kc3 56. Ke5 Kd3 57. Kd6 Kd4 58. Kc6 1-0

[Event "Live Chess"]
[Site "Chess.com"]
[Date "2024.06.01"]
[Round "-"]
[White "Bradfield133"]
[Black "NAZRIZ1977"]
[Result "0-1"]
[WhiteElo "2026"]
[BlackElo "2129"]
[TimeControl "300"]
[EndTime "9:37:51 PDT"]
[Termination "NAZRIZ1977 won on time"]

1. c4 g6 2. g3 Bg7 3. Bg2 Nf6 4. Nc3 O-O 5. e4 c5 6. Nge2 Nc6 7. O-O a6 8. a3 Rb8 9. Rb1 b5 10. cxb5 axb5 11.
b4 cxb4 12. axb4 d6 13. d4 e6 14. Qd3 Ba6 15. Bd2 e5 16. d5 Ne7 17. Ra1 Qc8 18. Rfc1 Qb7 19. Nb1 Nd7 20. Na3 f5 21. f3 f4 22. Nc3 fxg3 23. hxg3 Bf6 24. Bf1 Nb6 25. Naxb5 Bxb5 26. Qxb5 Rfc8 27. Qa6 Qd7 28. b5 Rc7 29. Qa2 Nec8 30. Na4 Nxa4 31. Qxa4 Rcb7 32. Be3 Bd8 33. Rc6 Nb6 34. Qd1 Kg7 35. Qe2 Nc8 36. Qh2 Ne7 37.
Bh3 Qe8 38. Bh6+ Kh8 39. Be6 Ng8 40. Rxd6 Nxh6 41. Qxh6 Bf6 0-1

[Event "Live Chess"]
[Site "Chess.com"]
[Date "2024.06.01"]
[Round "-"]
[White "DavrosLight"]
[Black "NeilDruggan73"]
[Result "0-1"]
[WhiteElo "778"]
[BlackElo "1735"]
[TimeControl "300"]
[EndTime "9:38:03 PDT"]
[Termination "NeilDruggan73 won by checkmate"]

1. e4 d6 2. Nc3 Nf6 3. Nf3 g6 4. d4 Bg7 5. Bg5 Nc6 6. Qd2 h6 7. Bxf6 Bxf6 8. Bb5 a6 9. Bxc6+ bxc6 10. O-O-O Bg4 11.
Kb1 O-O 12. h3 Bxf3 13. gxf3 Bg7 14. h4 Rb8 15. Ne2 Rb6 16. Nf4 Qb8 17. b3 a5 18.
Qxa5 Qb7 19. Qd2 Ra8 20. Rdg1 Qa6 21. a4 Qxa4 22. c4 Rxb3+ 23. Kc1 Qa1+ 24. Kc2 Rb2+ 25. Kd3 Ra3+ 26. Qc3 Rxc3+ 27. Kxc3 Qa3# 0-1

[Event "Live Chess"]
[Site "Chess.com"]
[Date "2024.06.01"]
[Round "-"]
[White "Yegorych"]
[Black "StoreySniper"]
[Result "0-1"]
[WhiteElo "1505"]
[BlackElo "2536"]
[TimeControl "300"]
[EndTime "9:38:06 PDT"]
[Termination "StoreySniper won by checkmate"]

1. d4 g6 2. Nc3 Bg7 3. e4 c5 4. d5 d6 5. Nf3 Bg4 6. Be2 Nd7 7. O-O Bxc3 8. bxc3 Ngf6 9. Ng5 Bxe2 10. Qxe2 h6 11. Nf3 Qa5 12. Bd2 Qa4 13. e5 dxe5 14. Nxe5 Qe4 15. Qxe4 Nxe4 16. Bf4 Nxc3 17. Rfe1 Nxd5 18. Nxd7 Nxf4 19. Nxc5 b6 20. Ne4 Ne6 21.
Rad1 Rd8 22. Nc3 O-O 23. Nd5 Rfe8 24. c4 Kf8 25. g3 Rc8 26. Ne3 Rc5 27. Rd7 Rc7 28.
Red1 Rec8 29. Kg2 Rxd7 30. Rxd7 Rc7 31. Rxc7 Nxc7 32. Kf3 e6 33. Ke4 Ke7 34. f4 Kd6 35. Kd4 f5 36. g4 Na6 37. a3 Nb8 38. h3 Nc6+ 39. Kc3 fxg4 40. hxg4 h5 41. gxh5 gxh5 42. f5 exf5 43. Nxf5+ Ke5 44. Nh4 Kf4 45. Kd3 Ne5+ 46. Kd4 Nf3+ 47. Nxf3 Kxf3 48. c5 bxc5+ 49. Kxc5 h4 50. Kb5 h3 51. Ka6 h2 52. Kxa7 h1=Q 53. a4 Ke4 54. a5 Kd5 55. a6 Kc6 56. Ka8 Kb6+ 57. Kb8 Qh8# 0-1

[Event "Live Chess"]
[Site "Chess.com"]
[Date "2024.06.01"]
[Round "-"]
[White "ProfPoisson"]
[Black "GwaryTek"]
[Result "0-1"]
[WhiteElo "1234"]
[BlackElo "1968"]
[TimeControl "300"]
[EndTime "9:38:07 PDT"]
[Termination "GwaryTek won by resignation"]

1. e4 Nf6 2. Nc3 d5 3. exd5 Nxd5 4. Nxd5 Qxd5 5. d4 Nc6 6. Nf3 Bg4 7. Be2 O-O-O 8. c3 e5 9. O-O e4 10. c4 Qh5 11. d5 exf3 12. Bxf3 Bxf3 13. Qxf3 Qxf3 14. gxf3 Ne5 15. f4 Nxc4 16. Re1 Bb4 17. Re4 b5 18. b3 Bc3 19. Rb1 Nd6 20. Re7 Rhe8 21. Rxe8 Rxe8 22.
Ba3 b4 0-1

[Event "Live Chess"]
[Site "Chess.com"]
[Date "2024.06.01"]
[Round "-"]
[White "nitrofish07"]
[Black "Yarigo"]
[Result "1-0"]
[WhiteElo "2132"]
[BlackElo "2410"]
[TimeControl "300"]
[EndTime "9:38:25 PDT"]
[Termination "nitrofish07 won by resignation"]

1. e4 e5 2. Nf3 Nc6 3. Bb5 a6 4. Ba4 Nf6 5. O-O Nxe4 6. d4 b5 7. Bb3 d5 8. dxe5 Be6 9. c3 Be7 10. Nbd2 Nc5 11. Re1 d4 12. Bxe6 Nxe6 13. cxd4 Ncxd4 14.
Nxd4 Qxd4 15. Nf3 Qxd1 16. Rxd1 O-O 17. Be3 Rfd8 18. b3 Kf8 19. Kf1 Ke8 20. Ke2 Rxd1 21. Rxd1 c5 22. Rc1 Rd8 23. Ne1 g5 24. Nd3 Rd5 25. h3 h5 26. f3 Kf8 27. g4 hxg4 28. hxg4 Kg7 29. a4 Kg6 30. axb5 axb5 31. Rc2 Kg7 32. Rc1 Kg6 33. Rc2 Kg7 34. Rc1 Kf8 35. Rc2 Ke8 36. Ra2 c4 37. Ra8+ Nd8 38. bxc4 bxc4 39. Nb2 c3 40. Nd3 Kd7 41. Ra7+ Ke8 42. Rc7 Ra5 43. Rxc3 Ra2+ 44. Bd2 Ne6 45. Nb4 Kd7 46.
Nxa2 1-0

[Event "Live Chess"]
[Site "Chess.com"]
[Date "2024.06.01"]
[Round "-"]
[White "Brooms1989"]
[Black "SvitlanaJ"]
[Result "1-0"]
[WhiteElo "1051"]
[BlackElo "386"]
[TimeControl "300"]
[EndTime "9:38:26 PDT"]
[Termination "Brooms1989 won by resignation"]

1. e4 e5 2. Nc3 Nc6 3. Bc4 Nf6 4. d3 d6 5. f4 Bg4 6. Nge2 Nd4 7.
h3 Nxe2 8. Nxe2 Bxe2 9. Qxe2 exf4 10. Bxf4 g6 11. O-O Bg7 12. c3 O-O 13. Qf3 c6 14.
Bg5 Re8 15. Bxf6 Bxf6 16. Qxf6 Qxf6 17. Rxf6 b5 18. Bxf7+ Kg7 19. Bxe8 Kxf6 20. Bxc6 Rc8 21. Bd5 b4 22. c4 a5 23. Rf1+ Ke5 24. b3 Kd4 25. Rf7 h5 26. Rg7 Kxd3 27. Rxg6 Kc3 28. Rxd6 Kb2 29. Ra6 Kxa2 30. Rxa5+ Kxb3 31. Rb5 Ra8 32. Bxa8 1-0

[Event "Live Chess"]
[Site "Chess.com"]
[Date "2024.06.01"]
[Round "-"]
[White "DoggyDalmatian"]
[Black "willc-h99"]
[Result "0-1"]
[WhiteElo "1613"]
[BlackElo "2661"]
[TimeControl "300"]
[EndTime "9:38:27 PDT"]
[Termination "willc-h99 won by resignation"]

1. e4 g6 2. d4 Bg7 3. Nf3 c6 4.
Be3 d5 5. exd5 cxd5 6. Bd3 Nc6 7. c3 Nh6 8. h3 O-O 9. O-O Bf5 10. Qe2 Bxd3 11.
Qxd3 Nf5 12. Re1 f6 13. Nbd2 e5 14. dxe5 fxe5 15. Bg5 Qd6 16. Qe2 h6 17. Bh4 g5 18.
Bg3 Nxg3 19. fxg3 e4 0-1

[Event "Live Chess"]
[Site "Chess.com"]
[Date "2024.06.01"]
[Round "-"]
[White "JP56789"]
[Black "Grace6363"]
[Result "1-0"]
[WhiteElo "2297"]
[BlackElo "1122"]
[TimeControl "300"]
[EndTime "9:38:28 PDT"]
[Termination "JP56789 won by resignation"]

1. e4 c5 2. Nf3 Nc6 3. Bb5 Nd4 4. Nxd4 cxd4 5. O-O g6 6. d3 Bg7 7. Nd2 e6 8. f4 a6 9. Ba4 b5 10. Bb3 Ne7 11. Nf3 d5 12. e5 Nf5 13. Qe2 Bb7 14. g4 Nh4 15. Nxd4 Qb6 16. Qf2 g5 17. Be3 Qd8 18. f5 Bxe5 19. fxe6 f6 20. Bxg5 Ng6 21. Bxf6 Bxf6 22. Qxf6 Qxf6 23. Rxf6 Ke7 24. Raf1 Raf8 25. g5 Ne5 26. Nf5+ Ke8 27. Nd6+ Ke7 28. Nxb7 Rxf6 29. Rxf6 Rg8 30. h4 Ng4 31. Rf4 Kxe6 32. Rxg4 1-0

[Event "Live Chess"]
[Site "Chess.com"]
[Date "2024.06.01"]
[Round "-"]
[White "McFim"]
[Black "14141409"]
[Result "0-1"]
[WhiteElo "1576"]
[BlackElo "2561"]
[TimeControl "300"]
[EndTime "9:38:44 PDT"]
[Termination "14141409 won on time"]

1. e4 c5 2. Nf3 Nc6 3. Bb5 Nf6 4. d3 Qa5+ 5. Nc3 Nd4 6. Bc4 b5 7. Bb3 Nxb3 8. cxb3 d6 9. O-O b4 10. Ne2 Ba6 11.
Re1 g6 12. Be3 Bg7 13. Ng3 O-O 14. d4 Ng4 15. Bc1 cxd4 16. Nxd4 Qb6 17. Be3 Nxe3 18. fxe3 e5 19. Nf3 Bb7 20. Qd3 Rad8 21. Rad1 d5 22. exd5 Rxd5 23. Qe2 Rfd8 24. Rxd5 Rxd5 25. Kh1 Ra5 26. Qc4 Bxf3 27. gxf3 Qb7 28. Kg2 Rxa2 29. Re2 h5 30. Ne4 Bh6 31. Kf2 Qb6 32. Qd3 Kg7 33. Qd7 Qe6 34. Qxe6 fxe6 35. Nc5 Kf7 36. Nd3 a5 37. Re1 a4 38. bxa4 Rxa4 39. Rc1 Bg7 40. Rc7+ Kg8 41. Rc8+ Kh7 42. Rb8 e4 43. fxe4 b3 44.
Rxb3 Rxe4 45. Kf3 Rh4 46. Kg3 Rc4 47. Nf4 e5 48. Ne6 Bf6 49. Rb7+ Kh6 0-1

[Event "Live Chess"]
[Site "Chess.com"]
[Date "2024.06.01"]
[Round "-"]
[White "halfberg"]
[Black "Dhaydon19"]
[Result "0-1"]
[WhiteElo "1903"]
[BlackElo "2699"]
[TimeControl "300"]
[EndTime "9:39:12 PDT"]
[Termination "Dhaydon19 won on time"]

1. e4 c6 2. d4 d5 3. Nc3 dxe4 4. Nxe4 Nf6 5. Ng3 g6 6. Nf3 Bg7 7. Be2 O-O 8. O-O Nbd7 9. c3 Qc7 10. Bg5 e5 11.
Qd2 e4 12. Ne1 Re8 13. Bh6 Nf8 14. Bxg7 Kxg7 15. Nc2 h5 16. Rfe1 N8h7 17. h3 Bd7 18. Ne3 Rad8 19. Nc4 Be6 20. Rad1 b5 21. Ne5 c5 22. Bxb5 Rf8 23. Qe3 Qb6 24. a4 a6 25.
dxc5 Qc7 26. Nc6 Rxd1 27. Rxd1 axb5 28. axb5 Bc4 29. Nxe4 Bxb5 30. Nxf6 Nxf6 31. Ne5 Re8 32. f4 Ba4 33. Rd6 Bb3 34. Qd4 Qe7 35. Nd7 Be6 36. Ne5 h4 37. b4 Ra8 38. c6 Kg8 39. b5 Ra1+ 40. Kh2 Ne8 41. Rd8 Kh7 42. b6 Rb1 43. b7 Qa3 44. b8=Q Rxb8 45. Rxb8 Ng7 46. Ng4 Bxg4 47. hxg4 Qa1 48. c7 Qe1 49. Qd3 h3 50.
gxh3 Qf2+ 51. Kh1 Qe1+ 52. Kh2 Ne6 53. Rh8+ Kxh8 54. c8=Q+ Kh7 55. Qc5 Nxf4 56. Qcd4 Nxd3 57. Qxd3 Qf2+ 0-1

[Event "Live Chess"]
[Site "Chess.com"]
[Date "2024.06.01"]
[Round "-"]
[White "SirGerhard"]
[Black "blunderabit"]
[Result "1-0"]
[WhiteElo "2760"]
[BlackElo "1835"]
[TimeControl "300"]
[EndTime "9:39:15 PDT"]
[Termination "SirGerhard won by resignation"]

1. d4 d5 2. c4 dxc4 3. Nf3 Nf6 4. Nc3 a6 5. e4 b5 6. e5 Nd5 7. a4 e6 8. axb5 Nb6 9. Be3 Bb4 10. Nd2 Bxc3 11.
bxc3 Qd5 12. Qg4 g6 13. Be2 axb5 14. O-O Rxa1 15. Rxa1 h5 16. Qh4 Qd7 17. Ne4 1-0

[Event "Live Chess"]
[Site "Chess.com"]
[Date "2024.06.01"]
[Round "-"]
[White "JohanKjeldahl"]
[Black "ihtiandr82"]
[Result "1-0"]
[WhiteElo "1795"]
[BlackElo "1514"]
[TimeControl "300"]
[EndTime "9:39:32 PDT"]
[Termination "JohanKjeldahl won by checkmate"]

1. e4 c5 2. Nf3 Nc6 3. d4 cxd4 4. Nxd4 e6 5. Nc3 Bb4 6. Be3 Nf6 7. Bd3 O-O 8. O-O Bxc3 9. bxc3 d5 10. exd5 Nxd5 11. Bd2 Nce7 12. Rb1 b6 13. c4 Nf6 14.
Bg5 Ng6 15. Be4 Rb8 16. Nc6 Qc7 17. Nxb8 Qxb8 18. Bxf6 gxf6 19. Rb3 f5 20. Bc6 Ba6 21.
Bb5 Bb7 22. h4 Rd8 23. h5 Rxd1 24. Rxd1 Nf4 25. h6 f6 26. Rg3+ Ng6 27. Rd7 f4 28.
Rgd3 Qe5 29. Rxb7 f3 30. Rd8+ Nf8 31. Rg7+ Kh8 32. Rxf8# 1-0

[Event "Live Chess"]
[Site "Chess.com"]
[Date "2024.06.01"]
[Round "-"]
[White "viktor_forever1994"]
[Black "alicechristina"]
[Result "0-1"]
[WhiteElo "1411"]
[BlackElo "1722"]
[TimeControl "300"]
[EndTime "9:39:38 PDT"]
[Termination "alicechristina won by resignation"]

1. e4 e5 2. Nf3 Nf6 3. Nc3 Nc6 4. d4 exd4 5. Nxd4 Bb4 6. Nxc6 bxc6 7. Qd4 a5 8. Bc4 O-O 9. Bg5 d5 10. Bb3 c5 11. Bxf6 cxd4 12. Bxd8 dxc3 13. O-O-O Rxd8 14.
Bxd5 cxb2+ 15. Kxb2 Rb8 16. Bxf7+ Kxf7 17. Rxd8 Be7+ 18. Kc1 Bxd8 0-1

[Event "Live Chess"]
[Site "Chess.com"]
[Date "2024.06.01"]
[Round "-"]
[White "KwikPhoenix"]
[Black "degringolade64"]
[Result "1/2-1/2"]
[WhiteElo "2461"]
[BlackElo "2066"]
[TimeControl "300"]
[EndTime "9:39:58 PDT"]
[Termination "Game drawn by repetition"]

1. Nc3 d5 2. e4 dxe4 3. Nxe4 Nf6 4. Nxf6+ exf6 5. d4 Bd6 6. Nf3 O-O 7. Be2 Re8 8. O-O Nd7 9. c4 c6 10. h3 Nf8 11. b3 Ng6 12. Be3 Bf5 13. Bd3 Qd7 14.
Bxf5 Qxf5 15. Qb1 Qh5 16. Qd3 Re7 17. Rae1 Rae8 18. Bc1 Bb4 19. Bd2 Bxd2 20. Qxd2 Qf5 21. Rxe7 Rxe7 22. Re1 h5 23. Rxe7 Nxe7 24. Qe2 Kf8 25.
Nd2 g6 26. Qe4 Qa5 27. Qc2 Nf5 28. Nf3 Kg7 29. Qb2 Qd8 30. a3 Qe7 31. b4 g5 32. Qd2 g4 33. hxg4 hxg4 34. Ne1 Qe4 35. Nc2 Nh4 36. Ne3 f5 37. Qc2 Qxd4 38. Nxf5+ Nxf5 39. Qxf5 Qxc4 40. Qg5+ Kf8 41. Qd8+ Kg7 42. Qg5+ Kf8 43.
g3 Qe4 44. Qd8+ Kg7 45. Qg5+ Kf8 46. Qd8+ Kg7 47. Qg5+ Kf8 1/2-1/2

[Event "Live Chess"]
[Site "Chess.com"]
[Date "2024.06.01"]
[Round "-"]
[White "KeithArkell"]
[Black "Berdgross"]
[Result "1-0"]
[WhiteElo "2514"]
[BlackElo "579"]
[TimeControl "300"]
[EndTime "9:39:58 PDT"]
[Termination "KeithArkell won by resignation"]

1. d4 d5 2. Nf3 e6 3. c4 Nf6 4. cxd5 Qxd5 5. Nc3 Qd8 6. e4 Bb4 7. Qa4+ Nc6 8. Bg5 h6 9. Bxf6 Qxf6 10. Bb5 Bxc3+ 11. bxc3 Bd7 12. Ne5 Nxe5 13. dxe5 Qxe5 14. Bxd7+ Ke7 15. O-O c6 16. Rfd1 Rhd8 17. Qb4+ Kf6 18. Qxb7 Qxc3 19. Qxc6 Qxc6 20. Bxc6 Rxd1+ 21. Rxd1 Rc8 22.
Ba4 Rc4 23. Bb3 Rxe4 24. g3 g5 25. Rd7 a5 26. Ra7 Re1+ 27. Kg2 Re5 28. Ba4 h5 29. Be8 Re2 30. Rxa5 Ke7 31. Bb5 Re5 32. Ra7+ Kd6 33. Bc4 Rc5 34. Be2 Rc2 35. Bxh5 Rxa2 36. Rxa2 1-0

[Event "Live Chess"]
[Site "Chess.com"]
[Date "2024.06.01"]
[Round "-"]
[White "Nathaniel250"]
[Black "IanCalvert2"]
[Result "1-0"]
[WhiteElo "1470"]
[BlackElo "1544"]
[TimeControl "300"]
[EndTime "9:40:02 PDT"]
[Termination "Nathaniel250 won by resignation"]

1. c4 c6 2. e4 d5 3. cxd5 cxd5 4.
exd5 Nf6 5. Nc3 Nxd5 6. d4 Nxc3 7.
bxc3 g6 8. Nf3 Bg7 9. Bb5+ Bd7 10.
Bxd7+ Qxd7 11. O-O O-O 12. Be3 Nc6 13. Qd2 e5 14.
Bh6 exd4 15. Bxg7 Kxg7 16. cxd4 Rad8 17. Rfd1 Rfe8 18. Rab1 b6 19. Rbc1 Re4 20. Qc3 Ne7 21. Rc2 Nd5 22. Qd3 Rde8 23. Qc4 Nf4 24. Ne5 Qd5 25.
Qxd5 Nxd5 26. f3 Re3 27. Rd3 Rxd3 28. Nxd3 Re3 29. Rd2 f6 30. Kf2 Re7 31. a3 Rc7 32.
Nb4 Nxb4 33. axb4 Kf7 34. d5 Ke7 35. d6+ 1-0

[Event "Live Chess"]
[Site "Chess.com"]
[Date "2024.06.01"]
[Round "-"]
[White "NottheBishopSacrifice"]
[Black "DJ_Lambton"]
[Result "1-0"]
[WhiteElo "2145"]
[BlackElo "1748"]
[TimeControl "300"]
[EndTime "9:40:08 PDT"]
[Termination "NottheBishopSacrifice won by resignation"]

1. Nf3 c6 2. g3 d5 3. Bg2 Nf6 4. O-O Bf5 5. d4 Nbd7 6. c4 e6 7. Nc3 Be7 8. Qb3 Qb6 9. c5 Qxb3 10. axb3 O-O 11. b4 b6 12. Bf4 a5 13. bxa5 bxc5 14.
dxc5 Nxc5 15. b4 Nb3 16. Ra3 Bxb4 17. Rxb3 Bxa5 18. Na4 Rfc8 19. Nc5 Bd8 20. Nd4 Bg6 21. Rc1 Be7 22. Rb7 Bxc5 23. Rxc5 Ra4 24. Nxc6 Rca8 25. Ne7+ Kh8 26. Nxg6+ hxg6 27. Rb8+ Rxb8 28. Bxb8 Ra1+ 29. Bf1 Ne4 30. Rc8+ Kh7 31. Kg2 Nd2 32. Rc7 Nxf1 33. Rxf7 Nd2 34. Be5 Ne4 35. Rxg7+ Kh6 36. Bxa1 1-0

[Event "Live Chess"]
[Site "Chess.com"]
[Date "2024.06.01"]
[Round "-"]
[White "f4nomore"]
[Black "Harry_Li"]
[Result "0-1"]
[WhiteElo "1196"]
[BlackElo "2174"]
[TimeControl "300"]
[EndTime "9:40:10 PDT"]
[Termination "Harry_Li won by resignation"]

1. b3 e5 2. Bb2 Nc6 3. e3 d5 4. Ne2 Bd6 5. g3 Nf6 6. Bg2 O-O 7. O-O Bf5 8. f4 e4 9. a3 a5 10. Nbc3 Re8 11. Nb5 Bc5 12. Nbd4 Bd7 13. Nxc6 bxc6 14. Nd4 Bd6 15. c3 c5 16. Ne2 Rb8 17. Rb1 Qc8 18.
b4 axb4 19. cxb4 cxb4 20. Bxf6 gxf6 21. axb4 Rxb4 22. Rxb4 Bxb4 23. Nd4 Bf8 24. f5 Kh8 25. d3 c5 26. Ne2 Bxf5 27. dxe4 dxe4 28. Nf4 Qd8 29.
Qh5 Bg6 30. Qh4 f5 31. Qh3 c4 32. Ne2 Qd3 33. Nf4 Qxe3+ 34. Kh1 c3 35. Nxg6+ fxg6 36. Qh4 Bg7 37. g4 c2 38. Qe1 Qxe1 39. Rxe1 Rc8 40. Rc1 Bb2 41. gxf5 Bxc1 42. fxg6 Bh6 43. gxh7 c1=Q+ 0-1

[Event "Live Chess"]
[Site "Chess.com"]
[Date "2024.06.01"]
[Round "-"]
[White "DoctorMantisTobogganMD"]
[Black "Queensandpawns"]
[Result "0-1"]
[WhiteElo "2206"]
[BlackElo "2469"]
[TimeControl "300"]
[EndTime "9:40:17 PDT"]
[Termination "Queensandpawns won by checkmate"]

1. e4 e5 2. Nc3 Nf6 3. Bc4 Bc5 4. d3 O-O 5. f4 d6 6. Nf3 Ng4 7. Rf1 exf4 8. Bxf4 Nc6 9. h3 Ne3 10. Bxe3 Bxe3 11. Qe2 Bh6 12. g4 Ne5 13. Nxe5 dxe5 14.
Qf2 Be6 15. Bxe6 fxe6 16. Qxf8+ Qxf8 17. Rxf8+ Rxf8 18. Ke2 Bf4 19. Rf1 c6 20. Na4 b6 21.
Nc3 Kf7 22. d4 Ke7 23. dxe5 Bxe5 24. Rxf8 Kxf8 25. Nd1 Ke7 26. c3 Kf6 27. Kf3 Kg5 28. Ne3 Bc7 29. Nc4 Kh4 30. Kg2 b5 31. Nd2 Kg5 32. Kf3 Kh4 33. Kg2 Kg5 34. Kf3 Kf6 35.
c4 Ke5 36. cxb5 cxb5 37. Nb3 Bb6 38. h4 a5 39. g5 a4 40. Nc1 Kd4 41. h5 b4 42. g6 hxg6 43. hxg6 a3 44. bxa3 bxa3 45. Ne2+ Ke5 46. Nc3 Bd4 47. Nb5 Bb2 48. Ke3 Kf6 49.
Nc7 e5 50. Kf3 Kxg6 51. Kg4 Kf6 52. Nd5+ Ke6 53. Kg5 Kd6 54. Kg6 Kc5 55. Kxg7 Kd4 56. Nf6 Kd3 57. Kg6 Kc2 58. Nd5 Kb1 59. Nb4 Bc3 60.
Nd5 Ba5 61. Kf5 Kxa2 62. Kxe5 Kb2 63. Ne3 Bc3+ 64. Kd5 a2 65. Nd1+ Kb3 66. Nxc3 Kxc3 67. e5 a1=Q 68. e6 Qa8+ 69. Kd6 Qe8 70. e7 Kd4 71. Ke6 Ke4 72. Kf6 Kd5 73. Kg5 Kd6 74. Kf6 Qxe7+ 75. Kg6 Qe6+ 76. Kh5 Ke7 77. Kg5 Qg8+ 78.
Kh4 Qg7 79. Kh5 Kf6 80. Kh4 Kf5 81. Kh3 Kf4 82. Kh4 Qh7# 0-1

[Event "Live Chess"]
[Site "Chess.com"]
[Date "2024.06.01"]
[Round "-"]
[White "alexholowczak"]
[Black "MagnersCarlsberg2870"]
[Result "0-1"]
[WhiteElo "1451"]
[BlackElo "1881"]
[TimeControl "300"]
[EndTime "9:40:17 PDT"]
[Termination "MagnersCarlsberg2870 won by resignation"]

1. e4 e5 2. Nf3 Nc6 3. Bc4 Nf6 4. Nc3 Bc5 5. O-O O-O 6. d3 d6 7.
Bg5 h6 8. Bh4 Bg4 9. Nd5 g5 10.
Nxf6+ Qxf6 11. Bg3 Nd4 12. c3 Nxf3+ 13. gxf3 Bxf3 14. Qd2 h5 15. b4 Bb6 16. a4 a5 17.
bxa5 Rxa5 18. d4 h4 19. dxe5 dxe5 20. Rfb1 hxg3 21. hxg3 Qh6 0-1

[Event "Live Chess"]
[Site "Chess.com"]
[Date "2024.06.01"]
[Round "-"]
[White "ALEX_UA_69"]
[Black "Enhard"]
[Result "1-0"]
[WhiteElo "1776"]
[BlackElo "1457"]
[TimeControl "300"]
[EndTime "9:40:30 PDT"]
[Termination "ALEX_UA_69 won by resignation"]

1. e4 e6 2. c4 d5 3. cxd5 exd5 4. e5 Nc6 5. Nf3 Bg4 6. Bb5 Bxf3 7. Qxf3 Ne7 8. O-O a6 9. Bxc6+ Nxc6 10. d3 Be7 11. Nc3 O-O 12. Qxd5 Qxd5 13. Nxd5 Bd8 14. Bf4 Nd4 15. Nc3 g5 16. Be3 Nc6 17. d4 Nb4 18. Rac1 Nd3 19. Rc2 Nb4 20. Rd2 c6 21. a3 Nd5 22. Nxd5 cxd5 23. Rc2 h6 24. Rfc1 Bb6 25. b4 Rab8 26. h3 Rfe8 27. Kf1 Kg7 28. f3 f6 29.
exf6+ Kxf6 30. Kf2 Ke6 31. Re2 Kd7 32. Rec2 Rbc8 33. Rxc8 Rxc8 34. Rxc8 Kxc8 35. Ke2 Kd7 36. g3 Bd8 37. f4 Ke6 38. Kf3 Kf5 39. g4+ Kg6 40.
f5+ Kf7 41. Ke2 Bf6 42. Kd3 Ke8 43. Kc3 Kd7 44. b5 Kc7 45. Kb4 Kb6 46. bxa6 bxa6 47. a4 Be7+ 48. Kb3 Kc6 49. Bf2 Bf6 50. Kc3 Be7 51. Kd3 Bf6 52. Ke3 Kb6 53. Be1 Kc6 54. Bc3 Kd7 55. Kd3 Kc6 56. Kc2 Kb6 57. Kb3 Be7 58.
Bb4 Bf6 59. Kc3 Kc6 60. Bf8 Kb6 61. Bxh6 Ka5 62. Bf8 Kxa4 63. Bc5 Kb5 64. Kb3 a5 65. Kc3 a4 66. Ba3 Kc6 67. Kb4 Bxd4 68. Kxa4 Bf6 69.
Kb3 d4 70. Kc2 Kd5 71. Kd3 Bg7 72. Bb2 Bf6 73. Bc1 Ke5 74. Bd2 Kd5 75. Be1 1-0

[Event "Live Chess"]
[Site "Chess.com"]
[Date "2024.06.01"]
[Round "-"]
[White "LL220284LL"]
[Black "ACM42"]
[Result "1-0"]
[WhiteElo "2581"]
[BlackElo "2204"]
[TimeControl "300"]
[EndTime "9:40:31 PDT"]
[Termination "LL220284LL won on time"]

1. Nf3 g6 2. g3 Bg7 3. Bg2 Nf6 4.
O-O O-O 5. c4 c5 6. Nc3 Nc6 7. b3 d5 8. cxd5 Nxd5 9. Bb2 Nxc3 10. Bxc3 Nd4 11. e3 Nxf3+ 12. Qxf3 Rb8 13. Rad1 b5 14.
d4 c4 15. bxc4 bxc4 16. e4 Qd6 17. e5 Qa6 18. d5 Bb7 19. Rd2 Rbd8 20. Qe3 Qa3 21.
Rfd1 Rd7 22. e6 Rd6 23. exf7+ Rxf7 24. Bxg7 Qxe3 25. fxe3 Kxg7 26. e4 e6 27. dxe6 Rxe6 28. Re1 Rc7 29. e5 Bxg2 30. Kxg2 c3 31. Rc2 Rc5 32. Kf3 Rcxe5 33. Rxe5 Rxe5 34. Rxc3 a5 35. a4 Kf6 36. Rc6+ Kf5 37. Rb6 Rd5 38. Ke3 Kg4 39.
Rb5 Rd7 40. Rxa5 Kh3 41. Kf4 Kxh2 42. g4 h6 43. Rc5 Rd4+ 44. Kf3 Rxa4 45. Rc6 Ra3+ 46.
Kf4 g5+ 47. Ke4 Ra4+ 48. Kf5 Rf4+ 49. Ke5 Rxg4 50. Rxh6+ Rh4 51. Ra6 g4 52. Ra2+ Kh3 53. Kf4 g3+ 54. Kf3 Rb4 55. Ra8 Rb3+ 56. Ke2 Kg2 57.
Rh8 Rb6 58. Rf8 Re6+ 59. Kd2 Re5 60. Kd3 Kh2 61. Rh8+ Kg1 62. Kd4 Rf5 63. Ke3 g2 64. Ke2 Re5+ 65. Kf3 Kf1 66. Ra8 Rf5+ 67. Ke4 Rf2 68.
Ra1+ Ke2 69. Ra2+ Ke1 70. Ra1+ Kd2 71. Ra2+ Kc3 72. Rxf2 g1=Q 73. Rf3+ Kc4 74. Rf4 Qe1+ 75. Kf5+ Kd3 76. Kf6 Qe8 77. Rf3+ Kd4 78. Rf4+ 1-0

[Event "Live Chess"]
[Site "Chess.com"]
[Date "2024.06.01"]
[Round "-"]
[White "Bazzza132"]
[Black "viktorskliarov"]
[Result "0-1"]
[WhiteElo "1700"]
[BlackElo "2638"]
[TimeControl "300"]
[EndTime "9:40:42 PDT"]
[Termination "viktorskliarov won by resignation"]

1. d4 Nf6 2. c4 e6 3. Nf3 c5 4. Nc3 cxd4 5. Nxd4 Nc6 6. Bg5 Qa5 7. Bxf6 gxf6 8.
Nb5 a6 9. Nd6+ Ke7 10. e3 Qe5 11. Nde4 f5 12. f4 Qa5 13. Ng5 Bg7 14. Qc2 b6 15. Bd3 Bb7 16. O-O h6 17. Nf3 Nb4 18. Qd2 Nxd3 19. Qxd3 d6 20. Rfd1 Rad8 21. g3 Bxf3 22. Rd2 Bxc3 23. bxc3 Qc5 24. Rf1 Be4 25. Qe2 h5 26.
Rfd1 h4 27. Qf1 hxg3 28. Rg2 0-1

[Event "Live Chess"]
[Site "Chess.com"]
[Date "2024.06.01"]
[Round "-"]
[White "elephantgerrald"]
[Black "Trendle"]
[Result "0-1"]
[WhiteElo "713"]
[BlackElo "2621"]
[TimeControl "300"]
[EndTime "9:40:43 PDT"]
[Termination "Trendle won by checkmate"]

1. e4 e5 2. Nf3 Nf6 3. Nxe5 d6 4. Nf3 Nxe4 5. d3 Nf6 6. Bg5 h6 7. Bxf6 Qxf6 8. Nc3 c6 9. g3 d5 10. Bg2 Bb4 11. O-O O-O 12. d4 Bg4 13. Ne2 Bxf3 14.
Nf4 Bxd1 15. Rfxd1 Nd7 16. c3 Bd6 17. Nd3 Rfe8 18.
h3 Re2 19. Rf1 Rae8 20. f4 Qg6 21. Rf3 R8e3 22. Raf1 Qxd3 23. Kh2 Rxf3 24. Rxf3 Qxf3 25. h4 Qxg2# 0-1

[Event "Live Chess"]
[Site "Chess.com"]
[Date "2024.06.01"]
[Round "-"]
[White "Ninifu"]
[Black "Zhevzh1k7"]
[Result "1-0"]
[WhiteElo "2068"]
[BlackElo "1067"]
[TimeControl "300"]
[EndTime "9:40:44 PDT"]
[Termination "Ninifu won by resignation"]

1. d4 Nf6 2. c4 e6 3. Nc3 d5 4.
cxd5 exd5 5. Bg5 Be7 6. e3 c6 7. Bd3 h6 8. Bf4 Nbd7 9. h3 c5 10. Nge2 c4 11. Bc2 a6 12. O-O b5 13. a3 Bb7 14. f3 O-O 15. e4 dxe4 16. fxe4 Re8 17.
Ng3 Nb6 18. Qd2 b4 19. axb4 Bxb4 20. Rae1 a5 21. Nf5 Bxc3 22. bxc3 Nxe4 23. Bxe4 Bxe4 24. Nd6 Re7 25. Nxe4 Nd5 26. Bxh6 gxh6 27. Qxh6 Re6 28. Qh5 Ra7 29. Ng5 Nf6 30. Nxe6 Nxh5 31. Nxd8 a4 32. Nc6 Rc7 33. Nb4 Ra7 34. Ra1 Ng7 35. Rf6 Ne6 36. d5 Kg7 37. dxe6 Kxf6 38. exf7 Kxf7 39. Kf2 Ke6 40.
Ke3 Ke5 41. Nc6+ 1-0